 Dungeon Crawl Stone Soup version 0.24-a0-434-gd57e52fea8 (webtiles) character file.

Game seed: 5113519952937740115

1591 Kisielow the Basher (level 8, -2/71 HPs)
             Began as a Minotaur Fighter on June 17, 2019.
             Was an Initiate of Okawaru.
             Slain by an orc warrior
             ... wielding a +0 scimitar of electrocution
              (3 damage)
             ... on level 7 of the Dungeon.
             The game lasted 00:09:51 (6029 turns).

Kisielow the Basher (Minotaur Fighter)              Turns: 6029, Time: 00:09:51

Health: -2/71      AC: 19    Str: 23    XL:     8   Next: 61%
Magic:  7/7        EV:  5    Int:  5    God:    Okawaru [......]
Gold:   288        SH: 11    Dex: 10    Spells: 7/7 levels left

rFire    . . .     SeeInvis .   e - +2 flail (protect)
rCold    + . .     Gourm    .   c - +1 shield
rNeg     . . .     Faith    .   y - +0 plate armour
rPois    .         Spirit   .   (helmet unavailable)
rElec    .         Reflect  .   s - scarf {repulsion}
rCorr    .         Harm     .   (no gloves)
MR       .....                  (no boots)
Stlth    ..........             n - amulet of magic regeneration
HPRegen  0.21/turn              p - ring of protection from cold
MPRegen  0.35/turn              x - ring of attention (curse)

@: protection aura, repel missiles
A: retaliatory headbutt, hooves 1, horns 3
a: Renounce Religion


You were on level 7 of the Dungeon.
You worshipped Okawaru.
Okawaru was noncommittal.
You were hungry.

You visited 2 branches of the dungeon, and saw 8 of its levels.
You also visited: Sewer.

You collected 288 gold pieces.

Inventory:

Hand Weapons
 e - a +2 flail of protection (weapon)
 w - a +1 flail of holy wrath
Armour
 c - a +1 shield (worn)
 s - a scarf of repulsion (worn)
 y - a +0 plate armour (worn)
Jewellery
 h - an uncursed ring of positive energy {unknown}
 n - an amulet of magic regeneration (around neck)
 p - a ring of protection from cold (left hand)
 x - a cursed ring of attention (right hand)
Wands
 b - a wand of paralysis (7)
Scrolls
 a - 4 scrolls of teleportation
 j - 3 scrolls of fog
 m - 2 scrolls of identify
Potions
 d - 2 potions of might
 g - 3 potions of brilliance
 k - 2 potions of ambrosia
 l - 3 potions of flight
 o - 2 potions of magic
 q - a potion of invisibility
 t - 3 potions of curing
 u - 2 potions of resistance
 v - a potion of heal wounds
Comestibles
 f - 13 rations


   Skills:
 + Level 6.3 Fighting
 * Level 9.6 Maces & Flails
 + Level 6.4 Armour
 + Level 6.4 Shields


You had 7 spell levels left.
You didn't know any spells.
Your spell library contained the following spells:

 Spells                   Type           Power        Failure   Level  Hunger
 Animate Skeleton         Necr           N/A          100%        1    ##.....
 Apportation              Tloc           #.....       100%        1    ##.....
 Confusing Touch          Hex            #.....       100%        1    ##.....
 Summon Small Mammal      Summ           #...         100%        1    ##.....


Dungeon Overview and Level Annotations

Branches:
Dungeon (7/15)             Temple (1/1) D:6

Altars:
Ashenzari
Cheibriados
Dithmenos
Elyvilon
Fedhas
Hepliaklqana
Kikubaaqudgha
Makhleb
Nemelex Xobeh
Okawaru
Qazlal
Ru
Sif Muna
Trog
Uskayaw
Vehumet
Wu Jian
Xom
Yredelemnul
Zin
The Shining One


Innate Abilities, Weirdness & Mutations

You reflexively headbutt those who attack you in melee.
You have a pair of large horns on your head.
You have large cloven feet.


Message History

You sock the orc wizard! You kick the orc wizard.
You kill the orc wizard!
Okawaru accepts your kill.
You closely miss the orc warrior.
The orc warrior hits you with a +0 scimitar of electrocution.
You hit the orc warrior.
You kick the orc warrior, but do no damage.
The orc warrior is lightly wounded.
The orc warrior hits you with a +0 scimitar of electrocution!
* * * LOW HITPOINT WARNING * * *
You hit the orc warrior but do no damage.
Your headbutt misses the orc warrior.
The orc warrior is lightly wounded.
The orc warrior hits you but does no damage.
You are electrocuted!!
* * * LOW HITPOINT WARNING * * *
You sock the orc warrior!
The orc warrior is heavily wounded.
The orc warrior hits you with a +0 scimitar of electrocution.
You die...

#. ..######### #.###
#.##......##
#...###.##.#......
#.#..##.##.##.#.##
#####....[........#.##
............##.####.##
#...$..####.####...
###.#.##.# #..<.....
#...@o...# #######..
#...#.#..# #..
.....#...#.<# #.. ....
#........ ### ...
###.#.##.. #. ..#.#
... # ... # ## ##


You could see an orc warrior.

Vanquished Creatures
  Edmund (D:6)
  3 sky beasts
  An ogre (D:4)
  A phantom (D:4)
  3 big kobolds (Sewer)
  2 scorpions
  2 howler monkeys (D:5)
  2 crimson imps
  3 orc priests
  A hound (D:4)
  3 orc wizards
  A bullfrog skeleton (D:3)
  4 worker ants
  13 adders
  A river rat (Sewer)
  4 oozes
  An adder zombie (D:7)
  An adder skeleton (D:4)
  4 worms
  6 leopard geckos
  14 orcs
  15 bats
  9 giant cockroaches
  6 goblins
  4 hobgoblins
  3 ball pythons
  5 frilled lizards
  A jackal skeleton (D:4)
  13 kobolds
  A quokka skeleton (D:5)
  16 rats
144 creatures vanquished.

Notes
Turn   | Place    | Note
-------+----------+-------------------------------------------
     0 | D:1      | Kisielow the Minotaur Fighter began the quest for the Orb.
     0 | D:1      | Reached XP level 1. HP: 19/19 MP: 0/0
    63 | D:1      | Reached skill level 3 in Maces & Flails
    92 | D:1      | Reached XP level 2. HP: 24/26 MP: 1/1
   318 | D:1      | Reached skill level 4 in Maces & Flails
   443 | D:1      | Reached XP level 3. HP: 31/31 MP: 2/2
   973 | D:2      | Reached skill level 5 in Maces & Flails
  1103 | D:2      | Reached XP level 4. HP: 37/39 MP: 3/3
  1697 | D:3      | Reached skill level 6 in Maces & Flails
  1854 | D:3      | Reached XP level 5. HP: 9/46 MP: 4/4
  2916 | D:4      | Reached XP level 6. HP: 41/52 MP: 5/5
  3066 | D:4      | Reached skill level 7 in Maces & Flails
  3612 | D:4      | Reached XP level 7. HP: 58/60 MP: 6/6
  3750 | D:5      | Entered Level 5 of the Dungeon
  3946 | D:5      | Reached skill level 5 in Shields
  3992 | D:5      | Reached skill level 5 in Fighting
  3992 | D:5      | Reached skill level 5 in Armour
  4027 | D:5      | Found a glowing drain.
  4051 | Sewer    | Entered a sewer
  4297 | Sewer    | Reached skill level 8 in Maces & Flails
  4611 | D:5      | Reached XP level 8. HP: 69/69 MP: 7/7
  5187 | D:5      | Gained mutation: You have large cloven feet. [potion of
                  | mutation]
  5187 | D:5      | Gained mutation: You have a pair of large horns on your
                  | head. [potion of mutation]
  5233 | D:6      | Noticed Edmund
  5247 | D:6      | Killed Edmund
  5247 | D:6      | Reached skill level 9 in Maces & Flails
  5379 | D:6      | Found a staircase to the Ecumenical Temple.
  5406 | Temple   | Entered the Ecumenical Temple
  5720 | Temple   | Became a worshipper of Warmaster Okawaru
  5866 | D:6      | Found a white marble altar of Elyvilon.
  6028 | D:7      | HP: 1/71 [orc warrior/+0 scimitar of electrocution (19)]
  6029 | D:7      | Slain by an orc warrior

Levels and vault maps discovered:
D:1:      eino_arrival_water_star, layout_rooms, minmay_pentomino_v2
D:2:      layout_basic
D:3:      layout_basic, interstate_on_off, mrwooster_statue_mirror
D:4:      minmay_evil_eye, layout_basic
D:5:      layout_loops_corners, first_ration, cheibrodos_sewer_entry_drain,
          corexii_shack, abandoned_shop
D:6:      layout_rooms, minmay_temple_entry_wispy, elyvilon_altar_3, uniq_edmund
D:7:      layout_loops_cross, serial_shops, shop
Temple:   regret_index_temple_sigil_plot

Skill      XL: |  1  2  3  4  5  6  7  8 |
---------------+-------------------------+-----
Maces & Flails | 3 4 5 6 7 8 9 |  9.6
Armour         | 4 5 6 |  6.4
Fighting       | 4 5 6 |  6.3
Shields        | 4 5 6 |  6.4

Action                   |  1- 3 |  4- 6 |  7- 9 || total
-------------------------+-------+-------+-------++-------
Melee: Flail             |   104 |   177 |   170 ||   451
       Headbutt          |    14 |    31 |    27 ||    72
       Kick              |       |       |    10 ||    10
  Use: Scroll            |       |    11 |     9 ||    20
       Potion            |       |       |     1 ||     1
  Eat: Chunk             |     1 |     8 |     4 ||    13
       Ration            |       |       |     1 ||     1
Armor: Scale mail        |    51 |    54 |       ||   105
       Chain mail        |       |    12 |       ||    12
       Plate armour      |       |       |    72 ||    72
Dodge: Dodged            |    42 |    40 |    17 ||    99
       Deflected         |       |     6 |       ||     6
Block: Shield            |    62 |    68 |    75 ||   205

Table legend:
 A = Non-vault XP
 B = Vault XP
 C = Vault XP percentage of total XP
 D = Non-vault monster count
 E = Vault monster count
 F = Vault count percentage of total count
                 A         B        C        D         E       F
            +---------+---------+-------+---------+---------+-------
      Total |    1658 |     616 |  27.1 |     115 |      29 |  20.1
            +---------+---------+-------+---------+---------+-------
        D:1 |      38 |       7 |  15.6 |      28 |       1 |   3.4
        D:2 |      92 |       0 |   0.0 |      23 |       0 |   0.0
        D:3 |     165 |       0 |   0.0 |      22 |       0 |   0.0
        D:4 |     489 |      53 |   9.8 |      24 |       4 |  14.3
        D:5 |     400 |       5 |   1.2 |      10 |       3 |  23.1
        D:6 |     351 |     164 |  31.8 |       4 |       1 |  20.0
        D:7 |     123 |       0 |   0.0 |       4 |       0 |   0.0
      Sewer |       0 |     387 | 100.0 |       0 |      20 | 100.0
            +---------+---------+-------+---------+---------+-------
